 Dungeon Crawl Stone Soup version 0.20.0 (webtiles) character file.

6786 SpeedrunTech the Severer (level 10, 0/97 HPs)
             Began as a Minotaur Berserker on June 11, 2017.
             Was a High Priest of Trog.
             Slain by a troll zombie (4 damage)
             ... on level 10 of the Dungeon.
             The game lasted 00:03:59 (5756 turns).

SpeedrunTech the Severer (Minotaur Berserker)       Turns: 5756, Time: 00:04:00

Health: 0/97       AC: 12    Str: 23    XL:     10   Next: 76%
Magic:  9/9        EV:  7    Int: 11    God:    Trog [*****.]
Gold:   530        SH:  0    Dex: 10    Spells: 9/9 levels left

rFire    . . .     SeeInvis .   a - +4 war axe (freeze)
rCold    . . .     Gourm    .   (no shield)
rNeg     . . .     Faith    .   b - +0 plate armour
rPois    .         Spirit   .   (helmet restricted)
rElec    .         Reflect  .   r - +0 cloak
rCorr    .         Harm     .   (no gloves)
MR       ++...                  (no boots)
Stlth    ..........             (no amulet)
Regen    1.3/turn               l - +5 ring of intelligence
MPRegen  0.2/turn               (no ring)

@: berserk cooldown, regenerating
A: retaliatory headbutt, horns 2
a: Berserk, Trog's Hand, Brothers in Arms, Burn Spellbooks, Renounce Religion


You were on level 10 of the Dungeon.
You worshipped Trog.
Trog was extremely pleased with you.
You were not hungry.

You visited 1 branch of the dungeon, and saw 10 of its levels.

You collected 530 gold pieces.

Inventory:

Hand Weapons
 a - a +4 war axe of freezing (weapon)
 e - a +0 hand axe
 y - a +1 battleaxe
Armour
 b - a +0 plate armour (worn)
 r - a +0 cloak (worn)
Jewellery
 l - a +5 ring of intelligence (left hand)
 C - an uncursed ring of ice
 E - an uncursed ring of protection from fire {unknown}
 F - an uncursed ring of flight {unknown}
Scrolls
 f - a scroll of recharging
 k - 6 scrolls of teleportation
 m - a scroll of fear
 p - 2 scrolls of blinking
 x - a scroll of identify
 D - a scroll of enchant armour {unknown}
Potions
 d - 3 potions of agility
 g - 2 potions of flight
 h - 2 potions of lignification {unknown}
 i - 2 potions of haste {unknown}
 n - a potion of brilliance {unknown}
 o - 3 potions of might
 q - a potion of cancellation {unknown}
 t - a potion of berserk rage {unknown}
 u - a potion of ambrosia {unknown}
 v - a potion of invisibility {unknown}
 w - 2 potions of curing {unknown}
 z - a potion of heal wounds {unknown}
Books
 A - a book of Enchantments

   Spells                             Type                      Level
   a - Cause Fear                     Hexes                        4
   b - Yara's Violent Unravelling     Hexes/Transmutation          5
   c - Silence                        Hexes/Air                    5
   d - Deflect Missiles               Charms/Air                   6
   e - Discord                        Hexes                        8
   Trog disapproves of the use of such an item.
Comestibles
 c - 2 bread rations
 j - 3 royal jellies
 s - 7 chunks of flesh
 B - a fruit


   Skills:
 + Level 11.9 Fighting
 * Level 15.2 Axes
 + Level 3.4 Armour
 - Level 2.1 Dodging


You had 9 spell levels left.
You didn't know any spells.

Dungeon Overview and Level Annotations

Branches:
Dungeon (10/15)              Lair (0/6) D:9
 Temple: D:4-7          Orc: D:9-12

Altars:
Elyvilon
Gozag
Kikubaaqudgha
Sif Muna
Vehumet
Zin
The Shining One

Portals:
Trove: D:10 (give +4 demon blade)


Innate Abilities, Weirdness & Mutations

You reflexively headbutt those who attack you in melee.
You have a pair of horns on your head.


Message History

You slash the troll zombie! Your headbutt misses the troll zombie.
The troll zombie is lightly damaged.
The troll zombie bites you but does no damage.
The troll zombie claws you.
* * * LOW HITPOINT WARNING * * *
The troll zombie claws you.
* * * LOW HITPOINT WARNING * * *
Okay, then.
Your skin crawls.
You feel resistant to hostile enchantments.
You feel somewhat more hungry.
You feel yourself speed up.
The troll zombie bites you but does no damage.
The troll zombie claws you but does no damage.
The troll zombie claws you.
* * * LOW HITPOINT WARNING * * *
The troll zombie bites you!
* * * LOW HITPOINT WARNING * * *
The troll zombie claws you.
You die...

######.##.....###
#............}..# ########
#.####)##.....#.#
#....†.###.####)###...##.#
#.####.........)####.###.#
.#####.########.#...#...#.# #.###
...........# #.......#...# #....
##.....###.######...#...#########
#.##### #.....Z@>.........# # #.
#.#######(###.###.# # #. #.# #(#
#.# #.# # #.#######.# #.# #.# #.#
## #.ZZ%†[.Z## #.# #)# #.# ##.
#.######...# #.# #.# #.####.. #..
##.## #.# #.# #....... ... #.#
#.# #.########.. #.. #.# #.#
#...........


You could see a troll zombie.

Vanquished Creatures
  A two-headed ogre (D:10)
  The ghost of Arglure the Basher, a journeyman OpWn of Nemelex Xobeh (D:10)
  The ghost of aesoa the Fighter, a novice OpMo of Qazlal (D:6)
  A troll (D:9)
  6 yaks (D:10)
  A hungry ghost (D:8)
  3 ice beasts
  3 orc warriors
  A black bear (D:5)
  A hornet zombie (D:8)
  A necrophage (D:9)
  2 sky beasts (D:7)
  6 ogres
  A phantom (D:6)
  A centaur (D:7)
  2 big kobolds (D:7)
  4 bullfrogs
  A gnoll sergeant (D:8)
  4 scorpions
  5 killer bees (D:10)
  4 howler monkeys (D:9)
  5 wights (D:8)
  A crimson imp (D:8)
  A centaur zombie (D:10)
  4 orc priests
  5 hounds
  7 orc wizards
  6 iguanas
  4 worker ants
  3 worker ant zombies
  11 gnolls
  6 adders
  A shadow imp (D:8)
  An ooze (D:7)
  3 adder skeletons
  2 dart slugs (D:1)
  3 leopard geckos
  17 orcs
  A bat (D:1)
  2 giant cockroaches
  2 goblins
  3 hobgoblins
  6 jackals
  11 kobolds
  3 quokkas (D:7)
  4 frilled lizards
  A goblin zombie (D:10)
  An orc skeleton (D:10)
  3 orc zombies (D:10)
  2 rats (D:1)
169 creatures vanquished.

Notes
Turn   | Place    | Note
-------+----------+-------------------------------------------
     0 | D:1      | SpeedrunTech the Minotaur Berserker began the quest for the Orb.
     0 | D:1      | Reached XP level 1. HP: 19/19 MP: 0/0
   182 | D:1      | Reached skill level 4 in Axes
   182 | D:1      | Reached XP level 2. HP: 24/27 MP: 1/1
   290 | D:2      | Found a deep blue altar of Sif Muna.
   290 | D:2      | Found an ancient bone altar of Kikubaaqudgha.
   292 | D:2      | Found a radiant altar of Vehumet.
   402 | D:2      | Reached ** piety under Trog
   480 | D:3      | Reached XP level 3. HP: 34/34 MP: 2/2
   648 | D:4      | Reached skill level 5 in Axes
   648 | D:4      | Reached XP level 4. HP: 28/41 MP: 3/3
   653 | D:4      | Reached skill level 5 in Fighting
   870 | D:4      | Noticed an ogre
   879 | D:4      | Killed an ogre
   879 | D:4      | Reached XP level 5. HP: 26/48 MP: 4/4
   960 | D:4      | Reached skill level 6 in Axes
  1298 | D:5      | Entered Level 5 of the Dungeon
  1460 | D:5      | Found an opulent altar of Gozag.
  1460 | D:5      | Noticed an ogre
  1467 | D:5      | Killed an ogre
  1467 | D:5      | Reached skill level 7 in Axes
  1467 | D:5      | Reached XP level 6. HP: 40/57 MP: 5/5
  1695 | D:5      | Noticed an ice beast
  1708 | D:5      | Killed an ice beast
  1777 | D:6      | Reached skill level 8 in Axes
  1777 | D:6      | Reached XP level 7. HP: 64/64 MP: 6/6
  1789 | D:6      | Noticed aesoa's ghost (novice OpMo)
  1834 | D:6      | Killed aesoa's ghost
  1834 | D:6      | Reached skill level 9 in Axes
  1834 | D:6      | Reached XP level 8. HP: 61/74 MP: 7/7
  1965 | D:6      | Reached skill level 10 in Axes
  2432 | D:7      | Reached skill level 11 in Axes
  2444 | D:7      | Reached *** piety under Trog
  2984 | D:7      | Reached XP level 9. HP: 60/83 MP: 8/8
  3287 | D:8      | Reached skill level 12 in Axes
  3413 | D:8      | Reached **** piety under Trog
  3659 | D:8      | Reached skill level 10 in Fighting
  3732 | D:8      | Found a glowing silver altar of Zin.
  3732 | D:8      | Found a glowing golden altar of the Shining One.
  3733 | D:8      | Found a white marble altar of Elyvilon.
  3822 | D:8      | Reached skill level 13 in Axes
  4372 | D:9      | Found a staircase to the Lair.
  4455 | D:9      | Noticed a troll
  4464 | D:9      | Killed a troll
  4464 | D:9      | Reached XP level 10. HP: 75/94 MP: 9/9
  4755 | D:10     | Entered Level 10 of the Dungeon
  4768 | D:10     | Noticed Arglure's ghost (journeyman OpWn)
  4777 | D:10     | Killed Arglure's ghost
  4777 | D:10     | Reached skill level 14 in Axes
  5043 | D:10     | Reached ***** piety under Trog
  5265 | D:10     | Found a portal to a secret trove of treasure.
  5708 | D:10     | Noticed a two-headed ogre
  5714 | D:10     | HP: 11/145 [two-headed ogre/giant spiked club (32)]
  5716 | D:10     | Killed a two-headed ogre
  5716 | D:10     | Reached skill level 15 in Axes
  5756 | D:10     | HP: 4/97 [troll zombie (7)]
  5756 | D:10     | Slain by a troll zombie

Skill      XL: |  1  2  3  4  5  6  7  8  9 10 |
---------------+-------------------------------+-----
Fighting       | 4 5 6 7 9 10 11 | 11.9
Axes           | 4 5 7 8 9 11 13 15 | 15.2
Armour         | 3 |  3.4
Dodging        | |  2.1

Action                   |  1- 3 |  4- 6 |  7- 9 | 10-12 || total
-------------------------+-------+-------+-------+-------++-------
Melee: Hand axe          |    70 |    71 |   195 |       ||   336
       Headbutt          |    11 |    13 |    42 |    17 ||    83
       War axe           |       |       |    56 |    90 ||   146
Invok: Burn Spellbooks   |     1 |       |     3 |       ||     4
       Berserk           |     1 |     3 |     7 |     5 ||    16
       Trog's Hand       |       |       |       |     2 ||     2
  Use: Scroll            |       |       |    11 |       ||    11
  Eat: Chunk             |       |     6 |    10 |    10 ||    26
       Bread ration      |       |       |     1 |       ||     1
Armor: Plate armour      |    51 |    30 |   177 |    32 ||   290
       Animal skin       |     6 |       |       |       ||     6
Dodge: Dodged            |    37 |    30 |   112 |    30 ||   209
